Map: Ley Lines

Players

empowered

  • Race: Terran Terran
  • League: Bronze
  • Spawn Location: 1:00

ManlyManMeat - Winner!

  • Race: Terran Terran
  • Spawn Location: 7:00

VOD

Have the link to the VOD?

Description

Time

  • Played on: May 16, 2025, 8:22 a.m.
  • Length: 38:17
Show
View Real Time Build Order
Export as new Build Order

empowered Terran 

Build Orders: Command Center First 

Get SALT Encoding   

  12  0:10  SCV  
  13  0:27  SCV  
  14  0:45  SCV  
  15  0:51  Command Center  
  15  1:01  Supply Depot  
  15  1:23  SCV  
  16  1:27  Barracks  
  16  1:44  SCV  
  17  1:56  SCV  
  18  2:02  Barracks  
  18  2:06  Refinery  
  18  2:08  SCV  
  19  2:17  Supply Depot  
  19  2:20  SCV  
  20  2:26  SCV  
  21  2:36  Refinery  
  21  2:43  Engineering Bay  
  21  2:46  SCV  
  22  3:13  Refinery  
  22  3:15  Barracks Tech Lab  
  22  3:33  SCV  
  23  3:44  Barracks Reactor  
  23  3:45  SCV  
  24  3:58  SCV  
  25  4:19  Bunker  
  25  4:24  Planetary Fortress  
  25  4:27  Marine  
  26  4:32  Marine x2  
  28  4:45  Marine  
  29  4:50  Marine x2  
  31  5:03  Marine  
  32  5:08  Marine x2  
  31  5:20  Marine  
  31  5:25  Marine  
  31  5:26  Marine  
  33  5:38  Marine  
  34  5:43  Marine x2  
  34  5:56  Factory  
  34  5:59  Factory  
  34  6:01  Marine  
  31  6:11  Planetary Fortress  
  31  6:22  Bunker, Marauder  
  31  6:32  Concussive Shells  
  31  6:43  Marauder  
  31  6:44  Factory Tech Lab  
  33  6:48  Factory Reactor  
  33  6:59  Supply Depot  
  33  7:00  SCV  
  34  7:07  Siege Tank  
  37  7:12  SCV  
  37  7:13  Starport  
  38  7:16  SCV  
  39  7:24  SCV  
  39  7:28  SCV  
  41  7:36  SCV  
  42  7:41  SCV  
  43  7:49  Supply Depot  
  43  7:52  Liberator  
  43  7:53  SCV  
  45  8:17  Supply Depot  
  45  8:26  Command Center  
  45  8:37  Supply Depot  
  45  8:39  Siege Tank  
  45  8:58  Widow Mine  
  45  8:59  Widow Mine  
  45  9:01  Starport Reactor  
  49  9:08  Missile Turret  
  49  9:32  Missile Turret  
  49  9:55  Missile Turret  
  49  10:05  Liberator x2  
  55  10:20  Sensor Tower  
  57  10:28  Widow Mine  
  57  10:29  Widow Mine  
  59  10:42  Supply Depot  
  59  10:48  Liberator  
  56  11:55  Siege Tank  
  59  12:27  Siege Tank  
Show
View Real Time Build Order
Export as new Build Order

ManlyManMeat Terran - Winner!

Build Orders:  

Get SALT Encoding   

  12  0:00  SCV  
  13  0:12  SCV  
  14  0:18  Supply Depot  
  14  0:24  SCV  
  15  0:39  SCV  
  16  0:43  Barracks  
  16  0:45  Refinery  
  16  0:53  SCV  
  17  1:05  SCV  
  18  1:17  SCV  
  19  1:29  SCV  
  19  1:32  Barracks, Barracks Reactor  
  20  1:34  Supply Depot  
  20  1:57  Orbital Command  
  20  2:09  Marine x2  
  22  2:20  Command Center  
  22  2:34  Marine x2  
  22  2:36  SCV  
  25  2:45  Barracks Reactor  
  25  2:47  Factory  
  25  2:55  Marine x2  
  27  3:19  Supply Depot  
  27  3:20  SCV  
  27  3:24  Supply Depot  
  27  3:26  Marine x2  
  27  3:27  Marine  
  30  3:31  Marine  
  30  3:32  SCV  
  33  3:37  Factory Tech Lab  
  33  3:38  Orbital Command  
  33  3:57  Marine x2  
  33  3:58  Marine x2  
  37  4:04  Siege Tank  
  37  4:06  Orbital Command  
  40  4:12  Refinery  
  40  4:17  Marine x2  
  42  4:37  SCV x2  
  44  4:43  Marine x4  
  44  4:44  Siege Tank  
  51  4:49  SCV  
  44  5:17  Marine x2  
  47  5:24  SCV x2  
  46  5:36  SCV x2  
  46  5:41  Siege Tank  
  51  5:48  SCV x2  
  52  5:50  Starport  
  52  5:55  Barracks  
  52  5:59  Engineering Bay  
  52  6:00  SCV, Engineering Bay  
  52  6:01  Barracks  
  52  6:02  Refinery  
  52  6:03  Refinery  
  53  6:12  SCV  
  53  6:17  Marine x2  
  56  6:18  Siege Tank  
  59  6:35  Marine  
  60  6:41  Barracks Tech Lab  
  60  6:48  Terran Infantry Weapons Level 1  
  60  6:52  SCV x2  
  61  6:57  Barracks Reactor  
  61  7:04  SCV  
  62  7:10  Supply Depot  
  62  7:12  Supply Depot  
  62  7:13  Supply Depot  
  62  7:14  SCV  
  63  7:26  Siege Tank  
  63  7:28  Marine x2  
  68  7:31  Stimpack  
  68  7:32  SCV  
  68  7:33  Marine  
  70  7:43  Barracks Reactor  
  71  7:44  SCV  
  71  7:45  Marine x2  
  71  7:46  Terran Infantry Armor Level 1  
  73  8:04  Armory  
  73  8:38  Marine x3  
  76  8:43  SCV  
  77  8:52  Fusion Core  
  77  8:55  SCV, Marine  
  76  8:59  Marine x4  
  76  9:00  Marine x2  
  83  9:12  Terran Vehicle Weapons Level 1  
  83  9:14  Starport Reactor  
  83  9:56  Starport Reactor  
  83  9:57  Siege Tank  
  83  9:58  Smart Servos  
  83  9:59  Caduceus Reactor  
  86  10:00  Barracks Tech Lab  
  86  10:30  Terran Infantry Weapons Level 2  
  86  10:37  Missile Turret  
  86  10:38  Missile Turret  
  86  10:40  Missile Turret  
  86  10:44  Command Center  
  86  10:51  Marine  
  86  10:52  Marine x5  
  92  10:59  Medivac  
  94  11:10  Starport  
  94  11:14  Medivac  
  91  11:23  Hi-Sec Auto Tracking  
  91  11:29  Missile Turret  
  91  11:30  Missile Turret  
  91  11:35  Medivac  
  93  11:42  Supply Depot x2  
  93  11:48  Missile Turret  
  93  11:50  Missile Turret  
  97  12:09  Viking x2  
  97  12:14  Marine x2  
  97  12:15  Marine x2  
  101  12:25  Missile Turret  
  101  12:26  Missile Turret  
  101  12:27  Missile Turret  
  101  12:28  Planetary Fortress, Missile Turret  
  101  12:59  Missile Turret  
  101  13:00  Missile Turret  
  101  13:02  Supply Depot, Missile Turret  
  101  13:03  Supply Depot  
  101  13:48  Neosteel Armor  
  101  13:49  Terran Infantry Armor Level 2  
  101  13:52  Infernal Pre-Igniter  
  101  13:55  Combat Shield  
  101  14:01  Starport Tech Lab  
  101  14:14  Starport  
  101  14:21  Factory  
  101  14:29  Factory, Starport  
  101  14:44  SCV x3  
  101  14:55  Refinery  
  101  14:56  Refinery, SCV x2  
  101  14:57  SCV  
  101  15:08  SCV  
  101  15:31  Starport Tech Lab  
  101  15:33  Starport Tech Lab  
  101  15:35  Barracks Tech Lab  
  101  15:38  Factory Tech Lab  
  101  15:44  Drilling Claws  
  101  15:49  Fusion Core  
  101  17:09  Terran Infantry Weapons Level 3  
  101  17:10  Terran Infantry Armor Level 3  
  101  17:12  Hyperflight Rotors  
  101  17:13  Mag-Field Accelerator  
  101  17:16  Concussive Shells  
  101  17:32  Cloaking Field  
  101  17:35  Interference Matrix  
  101  18:00  Armory  
  101  18:02  Armory  
  101  18:04  Armory  
  101  22:37  Terran Vehicle Weapons Level 2  
  101  22:38  Terran Vehicle And Ship Armor Level 1  
  101  22:42  Terran Ship Weapons Level 1  
  101  23:14  Command Center  
  101  23:30  Command Center  
  101  23:31  Command Center x2  
  101  23:32  Command Center  
  101  23:37  Command Center  
  101  23:38  Command Center  
  101  23:39  Command Center  
  101  23:40  Command Center x2  
  101  23:45  Command Center  
  101  23:51  Command Center  
  101  23:53  Thor  
  101  24:00  Command Center  
  101  24:40  Command Center  
  101  24:41  Command Center  
  101  24:45  Command Center  
  101  24:46  Command Center  
  101  24:49  Command Center x2  
  101  24:52  Command Center  
  101  24:53  Command Center, Orbital Command x9  
  101  24:54  Command Center  
  101  24:57  Command Center  
  101  25:01  Orbital Command  
  101  25:03  Orbital Command  
  101  25:06  Command Center  
  101  25:09  Command Center  
  101  25:14  Command Center  
  101  25:15  Engineering Bay  
  101  25:19  Fusion Core  
  101  26:00  Orbital Command x5  
  101  26:01  Orbital Command  
  101  26:03  Orbital Command  
  101  26:05  Orbital Command x2  
  101  26:08  Orbital Command  
  101  26:17  Orbital Command  
  101  26:21  Orbital Command  
  101  26:28  Orbital Command  
  101  27:22  Battlecruiser  
  101  27:44  Marine x2  
  101  27:45  Marine x4  
  101  28:02  Marine x2  
  101  28:55  Terran Vehicle And Ship Armor Level 2, Terran Vehicle Weapons Level 3  
  101  28:56  Terran Ship Weapons Level 2  
  101  30:05  Fusion Core  
  101  31:19  Terran Vehicle And Ship Armor Level 3, Terran Ship Weapons Level 3  
  101  31:20  Advanced Ballistics, Weapon Refit  
  101  31:25  Sensor Tower  
  101  31:30  Bunker  
  101  32:07  Marine x2  
  101  32:08  Marine x2  
  101  32:09  Marine x2  
  101  32:23  Battlecruiser  
  101  32:24  Battlecruiser  
  101  32:25  Battlecruiser, Marine x2  
  101  32:26  Thor, Marine  
  101  32:29  Marine x3  
  101  32:43  Marine  
  101  32:51  Factory Tech Lab  
  101  32:55  Missile Turret  
  101  32:57  Missile Turret  
  101  33:00  Missile Turret  
  101  33:13  SCV  
  101  33:15  SCV  
  101  33:20  SCV  
  101  33:25  SCV  
  101  33:27  Battlecruiser  
  101  33:32  SCV  
  101  33:37  SCV  
  101  33:44  SCV  
  101  33:49  SCV  
  101  33:56  SCV  
  101  33:58  SCV  
  101  34:01  SCV  
  101  34:03  SCV  
  101  34:06  Refinery  
  101  34:07  SCV  
  101  34:08  SCV  
  101  34:10  SCV  
  101  34:11  SCV  
  101  34:13  SCV  
  101  34:15  SCV  
  101  34:16  SCV  
  101  34:18  SCV  
  101  34:19  SCV x10  
  101  34:20  SCV  
  101  34:21  SCV x9  
  101  34:22  SCV  
  101  34:23  SCV  
  101  34:25  SCV  
  101  34:27  SCV  
  101  34:28  SCV  
  101  34:31  SCV x3  
  101  34:32  SCV  
  101  34:34  SCV x6  
  101  34:35  SCV x7  
  101  34:37  SCV  
  101  34:39  SCV  
  101  34:40  SCV  
  101  34:43  SCV x3  
  101  34:44  SCV  
  101  34:47  SCV x2  
  101  34:49  SCV  
  101  34:51  SCV  
  101  34:53  SCV  
  101  36:49  Thor  
  101  36:50  Thor  
  101  36:51  Thor  
Tags
 
League
Bronze
Matchup
TvT
Race
Terran
Spawn Locations
Cross Positions
Add a new tag
Caveats
  • Supply blocks, unpowered buildings, or Contaminate may cause inaccurate times.
  • Supply counts are checked every 10 seconds.